[ AOE2 MATCH · #505123425 ]
UnrankedMalians vs Celts
Player's team · WIN
Rival team · LOSS
[ REPLAY ANALYSIS · EXTRACTED FROM THE RECORDED GAME ]
Feudal
12:09
Castle
24:23
Imperial
—
| APM avg | 85.6 |
| APM peak | 136 |
| eAPM avg | 36.5 |
| Villagers / military | 68 / 66 |
Focus
⚔️ 47.7% · 🌾 52.3%
Archer ×46 · Cavalry Archer ×16 · Militia ×4
Feudal
9:41
Castle
22:04
Imperial
—
| APM avg | 47.7 |
| APM peak | 80 |
| eAPM avg | 22.6 |
| Villagers / military | 89 / 54 |
Focus
⚔️ 37.4% · 🌾 62.6%
Archer ×54
Match map
Initial resources + every placement click. Lines = walls · curves = elevation contours. ◆ gold · ⬟ stone · ● berries · ✦ relic · ◌ wall gap
Your base· ✓ Closed at 24:23 · 54t walls · 1 gate(s)
AmiraL_516's base· ✓ Closed at 22:04 · 33t walls · 1 gate(s)
Smoothed initial terrain · ◌ = detected wall gap · hover for details
Inputs per minute
— IhateArena - - AmiraL_516
Build order — IhateArena
First 150 of 235 actions detected
| 0:08 | Queue | Villager (Male) ×4 |
| 0:08 | Queue | Villager (Male) ×4 |
| 0:09 | Queue | Villager (Male) ×4 |
| 0:12 | Build | House |
| 0:13 | Build | House |
| 1:33 | Queue | Villager (Male) |
| 1:34 | Queue | Villager (Male) |
| 1:56 | Build | Lumber Camp |
| 1:57 | Queue | Villager (Male) |
| 1:57 | Queue | Villager (Male) |
| 2:29 | Queue | Villager (Male) |
| 2:29 | Queue | Villager (Male) |
| 2:59 | Queue | Villager (Male) |
| 2:59 | Queue | Villager (Male) |
| 3:06 | Queue | Villager (Male) |
| 3:10 | Build | House |
| 3:45 | Queue | Villager (Male) |
| 3:45 | Queue | Villager (Male) |
| 4:12 | Queue | Villager (Male) |
| 4:13 | Queue | Villager (Male) |
| 4:26 | Build | Barracks |
| 4:37 | Queue | Villager (Male) |
| 4:37 | Queue | Villager (Male) |
| 5:01 | Queue | Villager (Male) |
| 5:01 | Queue | Villager (Male) ×2 |
| 5:01 | Queue | Villager (Male) |
| 5:20 | Research | Loom |
| 5:20 | Research | Loom |
| 5:22 | Queue | Militia |
| 5:22 | Queue | Militia |
| 5:25 | Build | House |
| 5:42 | Queue | Militia |
| 5:45 | Build | Mill |
| 6:00 | Build | Palisade Wall |
| 6:01 | Build | Palisade Wall |
| 6:04 | Queue | Militia |
| 6:09 | Queue | Villager (Male) |
| 6:12 | Build | House |
| 6:56 | Build | Palisade Wall |
| 6:58 | Queue | Villager (Male) |
| 7:05 | Build | House |
| 7:08 | Queue | Villager (Male) |
| 7:23 | Build | Palisade Wall |
| 7:28 | Build | Mill |
| 7:32 | Queue | Villager (Male) |
| 7:32 | Queue | Villager (Male) |
| 8:01 | Build | House |
| 8:04 | Queue | Villager (Male) |
| 8:19 | Queue | Villager (Male) |
| 8:48 | Build | House |
| 9:26 | Build | House |
| 9:30 | Queue | Villager (Male) |
| 9:30 | Queue | Villager (Male) |
| 9:51 | Build | Mining Camp |
| 9:56 | Research | Feudal Age |
| 9:56 | Research | Feudal Age |
| 10:12 | Build | Palisade Wall |
| 10:30 | Build | Palisade Wall |
| 10:33 | Build | Palisade Wall |
| 10:35 | Build | Palisade Wall |
| 10:36 | Build | Palisade Wall |
| 11:18 | Build | Palisade Wall |
| 11:20 | Build | Palisade Wall |
| 11:22 | Build | Palisade Wall |
| 11:30 | Build | Palisade Gate |
| 11:32 | Build | Palisade Wall |
| 12:09 | Age | Feudal Age |
| 12:10 | Build | Archery Range |
| 12:12 | Build | Archery Range |
| 12:13 | Research | Double-Bit Axe |
| 12:13 | Research | Double-Bit Axe |
| 12:16 | Queue | Villager (Male) |
| 12:16 | Queue | Villager (Male) |
| 12:17 | Queue | Villager (Male) |
| 12:26 | Build | Palisade Wall |
| 12:43 | Build | Blacksmith |
| 12:47 | Queue | Archer |
| 12:47 | Queue | Archer |
| 13:01 | Queue | Archer |
| 13:02 | Queue | Archer |
| 13:02 | Queue | Archer |
| 13:12 | Build | House |
| 13:20 | Build | House |
| 13:24 | Queue | Archer |
| 13:24 | Queue | Archer |
| 13:24 | Queue | Archer |
| 13:25 | Queue | Archer |
| 13:28 | Research | Fletching |
| 13:29 | Research | Fletching |
| 13:29 | Queue | Archer |
| 13:29 | Queue | Archer |
| 13:30 | Queue | Archer |
| 13:32 | Queue | Villager (Male) |
| 13:42 | Queue | Villager (Male) |
| 13:42 | Queue | Villager (Male) |
| 13:42 | Queue | Villager (Male) |
| 13:43 | Queue | Villager (Male) |
| 13:44 | Build | House |
| 14:06 | Build | Lumber Camp |
| 14:18 | Queue | Archer |
| 14:18 | Queue | Archer |
| 14:19 | Queue | Archer |
| 14:25 | Build | House |
| 14:33 | Queue | Archer |
| 14:33 | Queue | Archer |
| 14:36 | Queue | Villager (Male) |
| 14:36 | Queue | Villager (Male) |
| 14:40 | Build | House |
| 14:42 | Build | House |
| 14:50 | Queue | Villager (Male) |
| 14:51 | Build | Farm |
| 14:52 | Build | Farm |
| 15:05 | Build | House |
| 15:11 | Queue | Archer |
| 15:11 | Queue | Archer |
| 15:40 | Build | Market |
| 15:54 | Queue | Archer |
| 15:55 | Queue | Archer |
| 15:55 | Queue | Archer |
| 16:03 | Build | Farm |
| 16:03 | Build | Farm |
| 16:03 | Build | Farm |
| 16:04 | Build | Farm |
| 16:04 | Build | Farm |
| 16:05 | Queue | Villager (Male) |
| 16:06 | Queue | Villager (Male) |
| 16:06 | Queue | Villager (Male) |
| 16:12 | Build | House |
| 16:13 | Build | House |
| 16:21 | Build | House |
| 16:42 | Build | Farm |
| 16:43 | Build | Farm |
| 16:43 | Build | Farm |
| 16:51 | Build | House |
| 16:55 | Queue | Archer |
| 16:55 | Queue | Archer |
| 16:55 | Queue | Archer |
| 16:55 | Queue | Archer |
| 17:00 | Queue | Archer |
| 17:01 | Queue | Archer |
| 17:04 | Queue | Villager (Male) |
| 17:10 | Build | Mining Camp |
| 17:13 | Build | Mining Camp |
| 17:27 | Build | House |
| 17:32 | Build | House |
| 17:33 | Build | House |
| 17:34 | Queue | Villager (Male) |
| 17:36 | Queue | Archer |
| 17:36 | Queue | Archer |
| 17:53 | Build | Lumber Camp |
Build order — AmiraL_516
First 150 of 221 actions detected
| 0:00 | Queue | Villager (Male) |
| 0:01 | Queue | Villager (Male) |
| 0:02 | Build | House |
| 0:04 | Build | House |
| 0:09 | Queue | Villager (Male) |
| 0:15 | Queue | Villager (Male) |
| 0:15 | Queue | Villager (Male) |
| 1:27 | Queue | Villager (Male) |
| 1:27 | Queue | Villager (Male) |
| 1:49 | Queue | Villager (Male) |
| 2:23 | Queue | Villager (Male) |
| 2:24 | Queue | Villager (Male) |
| 2:24 | Queue | Villager (Male) |
| 2:39 | Queue | Villager (Male) |
| 2:40 | Queue | Villager (Male) |
| 2:41 | Build | Lumber Camp |
| 3:41 | Queue | Villager (Male) |
| 3:42 | Queue | Villager (Male) |
| 3:42 | Queue | Villager (Male) |
| 4:00 | Build | House |
| 4:01 | Build | House |
| 4:08 | Queue | Villager (Male) |
| 4:11 | Queue | Villager (Male) |
| 5:05 | Queue | Villager (Male) |
| 5:05 | Queue | Villager (Male) |
| 5:10 | Queue | Villager (Male) |
| 5:10 | Queue | Villager (Male) |
| 5:22 | Queue | Villager (Male) |
| 5:23 | Queue | Villager (Male) |
| 5:24 | Build | Mill |
| 5:42 | Queue | Villager (Male) |
| 5:42 | Queue | Villager (Male) |
| 6:08 | Queue | Villager (Male) |
| 7:03 | Research | Loom |
| 7:03 | Research | Loom |
| 7:26 | Research | Feudal Age |
| 7:26 | Research | Feudal Age |
| 8:53 | Queue | Villager (Male) |
| 8:55 | Build | Barracks |
| 9:41 | Age | Feudal Age |
| 9:59 | Queue | Villager (Male) |
| 10:04 | Queue | Villager (Male) |
| 10:09 | Research | Double-Bit Axe |
| 10:20 | Build | Mining Camp |
| 10:32 | Queue | Villager (Male) |
| 10:41 | Research | Horse Collar |
| 10:46 | Build | Archery Range |
| 11:16 | Build | House |
| 11:17 | Build | House |
| 11:18 | Build | House |
| 11:20 | Build | House |
| 11:22 | Queue | Villager (Male) |
| 11:26 | Queue | Archer |
| 11:33 | Build | Palisade Gate |
| 11:48 | Queue | Villager (Male) |
| 11:50 | Queue | Villager (Male) |
| 12:05 | Queue | Archer |
| 12:13 | Build | Mill |
| 12:15 | Queue | Villager (Male) |
| 12:15 | Queue | Villager (Male) |
| 12:28 | Queue | Villager (Male) |
| 12:30 | Queue | Archer |
| 12:38 | Build | Blacksmith |
| 12:42 | Build | House |
| 12:44 | Build | Palisade Wall |
| 12:47 | Queue | Archer |
| 12:57 | Build | House |
| 13:00 | Build | Palisade Wall |
| 13:03 | Queue | Archer |
| 13:17 | Build | Farm |
| 13:18 | Queue | Villager (Male) |
| 13:18 | Queue | Villager (Male) |
| 13:28 | Research | Fletching |
| 13:29 | Queue | Archer |
| 13:30 | Queue | Villager (Male) |
| 13:46 | Build | Palisade Wall |
| 13:49 | Build | House |
| 13:57 | Queue | Villager (Male) |
| 14:01 | Build | Farm |
| 14:01 | Build | Farm |
| 14:01 | Build | Farm |
| 14:01 | Build | Farm |
| 14:02 | Build | Farm |
| 14:09 | Build | Farm |
| 14:16 | Queue | Archer |
| 14:25 | Build | Palisade Wall |
| 14:26 | Queue | Archer |
| 14:29 | Queue | Villager (Male) |
| 14:36 | Queue | Villager (Male) |
| 14:42 | Research | Padded Archer Armor |
| 14:46 | Build | Palisade Wall |
| 14:47 | Queue | Villager (Male) |
| 15:07 | Queue | Villager (Male) |
| 15:20 | Build | Farm |
| 15:25 | Queue | Archer |
| 15:28 | Queue | Villager (Male) |
| 15:31 | Queue | Villager (Male) |
| 15:32 | Queue | Villager (Male) |
| 15:36 | Build | Farm |
| 15:53 | Queue | Archer |
| 15:55 | Queue | Villager (Male) |
| 15:58 | Queue | Villager (Male) |
| 16:05 | Build | Farm |
| 16:09 | Build | House |
| 16:26 | Queue | Archer |
| 16:27 | Queue | Villager (Male) |
| 16:31 | Queue | Villager (Male) |
| 16:41 | Build | Farm |
| 16:43 | Queue | Villager (Male) |
| 16:44 | Queue | Archer |
| 17:04 | Build | Farm |
| 17:09 | Queue | Archer |
| 17:21 | Queue | Archer |
| 17:26 | Queue | Villager (Male) |
| 17:43 | Research | Wheelbarrow |
| 17:59 | Queue | Villager (Male) |
| 18:05 | Queue | Villager (Male) |
| 18:08 | Queue | Villager (Male) |
| 18:12 | Build | Lumber Camp |
| 18:36 | Queue | Villager (Male) |
| 18:47 | Build | Farm |
| 18:48 | Build | Farm |
| 18:50 | Build | Farm |
| 19:07 | Build | Farm |
| 19:10 | Queue | Archer |
| 19:18 | Build | House |
| 19:20 | Queue | Villager (Male) |
| 19:24 | Research | Castle Age |
| 19:24 | Research | Castle Age |
| 19:42 | Queue | Archer |
| 19:47 | Build | Archery Range |
| 19:53 | Queue | Archer |
| 20:02 | Build | House |
| 20:04 | Queue | Archer |
| 20:13 | Queue | Archer |
| 20:13 | Queue | Archer |
| 20:21 | Build | Mining Camp |
| 20:22 | Queue | Archer |
| 20:22 | Queue | Archer |
| 20:44 | Build | Palisade Wall |
| 20:50 | Queue | Archer |
| 21:12 | Queue | Archer |
| 21:12 | Queue | Archer |
| 21:21 | Queue | Archer |
| 21:21 | Queue | Archer |
| 21:41 | Build | House |
| 21:43 | Queue | Villager (Male) |
| 21:43 | Queue | Villager (Male) |
| 21:56 | Queue | Archer |
| 21:56 | Queue | Archer |
Match timeline
| 4:26 | IhateArena · first_building Barracks |
| 6:00 | IhateArena · wall_segment Palisade Wall x4 |
| 6:01 | IhateArena · wall_segment Palisade Wall x3 |
| 6:56 | IhateArena · wall_segment Palisade Wall x3 |
| 7:23 | IhateArena · wall_segment Palisade Wall x5 |
| 8:55 | AmiraL_516 · first_building Barracks |
| 9:41 | AmiraL_516 · age_up feudal |
| 10:12 | IhateArena · wall_segment Palisade Wall x13 |
| 10:30 | IhateArena · wall_segment Palisade Wall x11 |
| 10:33 | IhateArena · wall_segment Palisade Wall x2 |
| 10:35 | IhateArena · wall_segment Palisade Wall x3 |
| 10:36 | IhateArena · wall_segment Palisade Wall x1 |
| 10:46 | AmiraL_516 · first_building Archery Range |
| 11:18 | IhateArena · wall_segment Palisade Wall x6 |
| 11:20 | IhateArena · wall_segment Palisade Wall x4 |
| 11:22 | IhateArena · wall_segment Palisade Wall x2 |
| 11:32 | IhateArena · wall_segment Palisade Wall x2 |
| 12:09 | IhateArena · age_up feudal |
| 12:10 | IhateArena · first_building Archery Range |
| 12:26 | IhateArena · wall_segment Palisade Wall x3 |
| 12:44 | AmiraL_516 · wall_segment Palisade Wall x5 |
| 13:00 | AmiraL_516 · wall_segment Palisade Wall x3 |
| 13:46 | AmiraL_516 · wall_segment Palisade Wall x11 |
| 14:25 | AmiraL_516 · wall_segment Palisade Wall x7 |
| 14:46 | AmiraL_516 · wall_segment Palisade Wall x6 |
| 20:44 | AmiraL_516 · wall_segment Palisade Wall x1 |
| 22:04 | AmiraL_516 · age_up castle |
| 23:10 | IhateArena · first_building Stable |
| 24:23 | IhateArena · age_up castle |
| 24:47 | IhateArena · first_market_sell 100 wood |
| 26:45 | IhateArena · first_building Castle |
| 28:33 | AmiraL_516 · resign |
[ AI ANALYSIS · 1 CREDIT ]
What really happened in this match?
Wolo.gg analyzes every decision: build order, eco, micro, common mistakes by bracket. Personalized analysis on WhatsApp or Discord in 30 seconds.
Civ guide
Malians
Perfil
Jugador #10354539